 Dungeon Crawl Stone Soup version 0.21-a0-633-g4c047d5 (webtiles) character file.

8 Alarkh the Charmwright (level 2, 20/22 HPs)
             Began as a Demonspawn Skald on Dec 28, 2017.
             Got out of the dungeon alive.
             The game lasted 00:00:44 (545 turns).

Alarkh the Charmwright (Demonspawn Skald)            Turns: 545, Time: 00:00:45

Health: 20/22      AC:  5    Str: 11    XL:     2   Next: 0%
Magic:  5/5        EV: 11    Int: 14    God:
Gold:   0          SH:  0    Dex: 12    Spells: 4/5 levels left

rFire    . . .     SeeInvis .   a - +0 falchion
rCold    . . .     Gourm    .   (no shield)
rNeg     . . .     Faith    .   b - +0 leather armour
rPois    .         Spirit   .   (no helmet)
rElec    .         Reflect  .   (no cloak)
rCorr    .         Harm     .   (no gloves)
MR       +....                  (no boots)
Stlth    +.........             (no amulet)
HPRegen  0.07/turn              f - ring of protection from magic
MPRegen  0.09/turn              (no ring)

@: no status effects
A: yellow scales 1
a: no special abilities


You escaped.
You were not hungry.

You visited 1 branch of the dungeon, and saw 1 of its levels.

Inventory:

Hand Weapons
 a - a +0 falchion (weapon)
Armour
 b - a +0 leather armour (worn)
Jewellery
 f - a ring of protection from magic (left hand)
Scrolls
 g - 2 scrolls of identify {unknown}
Potions
 h - a potion of haste
Books
 c - a book of Battle

   Spells                             Type                      Level
   a - Infusion                       Charms                       1
   b - Shroud of Golubria             Charms/Translocation         2
   c - Song of Slaying                Charms                       2
   d - Spectral Weapon                Hexes/Charms                 3
   e - Regeneration                   Charms/Necromancy            3
Comestibles
 d - a ration
 i - 4 chunks of flesh


   Skills:
 - Level 2.0 Fighting
 + Level 2.5 Long Blades
 - Level 0.8 Armour
 - Level 1.7 Dodging
 - Level 2.0 Spellcasting
 - Level 2.6 Charms


You had 4 spell levels left.
You knew the following spells:

 Your Spells              Type           Power        Failure   Level  Hunger
a - Infusion              Chrm           #...         11%         1    ##.....


Dungeon Overview and Level Annotations

Branches:
Dungeon (1/15)

Altars:


Innate Abilities, Weirdness & Mutations

You are partially covered in yellow scales. (AC +2)


Message History

You have reached level 2!
Your demonic ancestry asserts itself...
Yellow scales grow over part of your body.
You hear a bark! x2
The jackal moves out of view.
The kobold unwields an uncursed dagger.
The kobold wields a hunting sling.
The kobold shoots a stone.
The stone misses you.
You see here a stone.
A jackal comes into view.
A hobgoblin comes into view.
The hobgoblin shouts!
There is an open door here.
The jackal bites you but does no damage.
The jackal closely misses you.
The jackal bites you but does no damage.
The jackal bites you but does no damage.
There is a staircase leading out of the dungeon here.
Are you sure you want to leave the Dungeon?
This will make you lose the game! The jackal bites you.
You have escaped!

............#............#
......#'#####.###+###'####
. ....... #.....# #..# .
###.#.#.####.##
#.........##..#
#.#.#.#.#.###.#
#.#.......#
#.#.###.###.#.#.#
#......@h.....#.#
#.#.###.###.#.#.#
#.#.......# #.#.#.###.#
......# .... #.# ### .###
.... #.### ..


You could see a jackal.

Vanquished Creatures
  4 jackals (D:1)
  A ball python (D:1)
  A goblin (D:1)
  A kobold (D:1)
  A rat (D:1)
8 creatures vanquished.

Notes
Turn   | Place    | Note
-------+----------+-------------------------------------------
     0 | D:1      | Alarkh the Demonspawn Skald began the quest for the Orb.
     0 | D:1      | Reached XP level 1. HP: 16/16 MP: 3/3
   495 | D:1      | Gained mutation: You are partially covered in yellow scales. (AC +2) [demonic ancestry]
   495 | D:1      | Reached XP level 2. HP: 19/22 MP: 5/5
   545 | D:$      | Got out of the dungeon alive.

Vault maps used:
D:1:      roderic_chinese_lattice_arrival

Skill      XL: |  1 |
---------------+----+-----
Long Blades    | 2 |  2.5
Fighting       | |  2.0
Armour         | |  0.8
Dodging        | |  1.7
Spellcasting   | |  2.0
Charms         | |  2.6

Action                   || total
-------------------------++-------
Melee: Falchion          ||    28
 Cast: Infusion          ||     1
  Use: Potion            ||     2
Armor: Leather armour    ||    15
Dodge: Dodged            ||    23
       Rpst.: Falchion   ||    11

Table legend:
 A = Spawn XP
 B = Non-spawn XP
 C = Spawn XP percentage of total XP
 D = Spawn monster count
 E = Non-spawn monster count
 F = Spawn count percentage of total count
 G = Total turns spent on level
                    A         B        C        D         E        F      G
               +---------+---------+-------+---------+---------+-------+---------
         Total |       0 |      12 |   0.0 |       0 |       8 |   0.0 |   545
               +---------+---------+-------+---------+---------+-------+---------
           D:1 |       0 |      12 |   0.0 |       0 |       8 |   0.0 |   545
               +---------+---------+-------+---------+---------+-------+---------
